AoeStats
← Blyad _Mann

Pilgrims

508638969Analyzed
4v4 RM · 9d ago on Sep 23, 2026· 42m 28s· 8 players
Game mode
Random Map
Map size
Large (8 player)
Population
200
Speed
Normal
Resources
Standard
Victory
Conquest
Starting age
Dark Age
Ending age
Imperial Age
RankedLock teamsTeams togetherTeam positionsShared explorationLock speedFull tech treeHidden civsTurbo modeCheats
Victory
Defeat
🇺🇸 Japanese · United States
1049
+13
🇺🇾 Franks · Uruguay
1001
+15
🇩🇪 Malay · Germany
969
+16
🇳🇱 Danes · Netherlands
960
+16
🇯🇵 Huns · Japan
1051
-18
🇨🇳 Varangians · China
965
-15
🇦🇺 Teutons · Australia
938
-14
🇨🇳 Tatars · China
927
-13
scott.hurstell
8:10 Loom
15:28 Feudal Age
16:10 Double-Bit Axe
22:56 Castle Age
21:21 Gold Mining
23:55 Bow Saw
23:29 Horse Collar
23:47 Stone Mining
25:23 Forging
25:13 Scale Mail Armor
26:32 Squires
26:17 Arson
27:10 Iron Casting
27:46 Gold Shaft Mining
27:42 Medium Warships
26:53 Demolition Ship
34:11 Imperial Age
32:21 Wheelbarrow
35:59 Conscription
38:30 Blast Furnace
41:21 Chain Mail Armor
Blyad _Mann
4:03 Loom
12:16 Feudal Age
12:55 Horse Collar
21:40 Castle Age
20:27 Forging
20:17 Scale Mail Armor
21:30 Stone Mining
21:40 Gold Mining
25:10 Wheelbarrow
27:13 Squires
27:04 Arson
29:36 Scale Mail Armor
32:01 Chain Mail Armor
35:35 Hand Cart
35:42 Hand Cart
36:11 Iron Casting
35:40 Gambesons
36:55 Heavy Plow
37:13 Arson
QiQiKaKaGuGu
7:30 Loom
13:29 Feudal Age
16:28 Castle Age
14:55 Scale Barding Armor
16:13 Gold Mining
16:25 Double-Bit Axe
18:41 Gold Shaft Mining
18:40 Forging
21:19 Husbandry
29:26 Medium Warships
35:12 Iron Casting
Oselie
3:52 Loom
12:17 Feudal Age
16:06 Castle Age
19:48 Forging
21:30 Town Watch
23:09 Husbandry
23:54 Gold Mining
24:56 Town Patrol
34:52 Wheelbarrow
35:14 Double-Bit Axe
36:55 Fletching
42:26 Fishing Lines
y_oshi
11:52 Feudal Age
10:09 Loom
19:15 Castle Age
17:25 Fishing Lines
18:35 Double-Bit Axe
21:06 Wheelbarrow
20:20 Horse Collar
26:14 Gold Mining
27:57 Pikeman
30:39 Scale Barding Armor
30:45 Forging
30:46 Gillnets
32:22 Bloodlines
33:23 Stone Mining
34:07 Medium Warships
35:14 Heavy Plow
35:51 Iron Casting
伐木人
6:35 Loom
13:00 Feudal Age
19:57 Fletching
22:50 Horse Collar
27:14 Double-Bit Axe
28:16 Wheelbarrow
34:17 Castle Age
SamyTheSeal
13:37 Feudal Age
11:52 Loom
15:26 Man-at-Arms
16:32 Scale Mail Armor
16:30 Arson
18:30 Forging
21:36 Fletching
25:36 Castle Age
25:23 Double-Bit Axe
25:19 Horse Collar
26:46 Pikeman
30:04 Sanctity
29:55 Fervor
LeeFvn
7:07 Loom
14:01 Feudal Age
15:30 Double-Bit Axe
19:56 Castle Age
25:16 Wheelbarrow
26:22 Husbandry
26:33 Bloodlines
28:22 Medium Warships
28:16 Gold Mining
30:44 Forging
32:52 Fishing Lines
35:04 Gillnets
35:40 Bow Saw
Connection lost

Rejoining the realm…

Still unreachable

The connection could not be restored.

Session expired

The server has moved on; the page needs a fresh start.